 Dungeon Crawl Stone Soup version 0.18-a0-844-g9229740 (webtiles) character file.

17 WhatsThis the Charmwright (level 2, 0/19 HPs)
             Began as a High Elf Skald on Dec 19, 2015.
             Succumbed to an adder's poison
             ... on level 2 of the Dungeon.
             The game lasted 00:14:30 (1288 turns).

WhatsThis the Charmwright (High Elf Skald)          Turns: 1288, Time: 00:14:30

Health: 0/19       AC:  3    Str: 11    XL:     2   Next: 44%
Magic:  4/6        EV: 11    Int: 12    God:
Gold:   90         SH:  0    Dex: 14    Spells: 3 memorised, 1 level left

rFire  . . .     SeeInvis .     a - +0 short sword
rCold  . . .     Gourm    .     b - +0 leather armour
rNeg   . . .     Faith    .     (no shield)
rPois  .         Spirit   .     (no helmet)
rElec  .         Dismiss  .     (no cloak)
rCorr  .         Reflect  .     (no gloves)
SustAt .         Harm     .     (no boots)
MR     .....                    (no amulet)
Stlth  +.........               (no ring)
                                k - -3 ring of intelligence (curse)

@: lethally poisoned (0 -> -7), shrouded (expiring), infused, flying, very
slightly contaminated, hasted, very quick, not resistant to hostile
enchantments, very unstealthy
A: no striking features
a: no special abilities


You were on level 2 of the Dungeon.
You were not hungry.

You visited 1 branch of the dungeon, and saw 2 of its levels.

You collected 90 gold pieces.

Inventory:

Hand Weapons
 a - a +0 short sword (weapon)
 d - a +0 short sword
 j - a +0 dagger
 n - a +0 spear
 q - a +0 dagger
 s - a +0 dagger
Missiles
 f - 74 stones (quivered)
 g - 2 silver javelins
 m - 17 sling bullets of frost
Armour
 b - a +0 leather armour (worn)
Jewellery
 k - a cursed -3 ring of intelligence (left hand)
Scrolls
 e - a scroll of identify
 h - a scroll of remove curse {unknown}
 r - a scroll of magic mapping {unknown}
 t - a scroll of teleportation {unknown}
Potions
 i - a potion of flight
Books
 c - a book of Battle

   Spells                             Type                      Level
   a - Infusion                       Charms                       1
   b - Shroud of Golubria             Charms/Translocation         2
   c - Song of Slaying                Charms                       2
   d - Spectral Weapon                Hexes/Charms                 3
   e - Regeneration                   Charms/Necromancy            3
Comestibles
 l - a chunk of flesh


   Skills:
 + Level 2.2 Fighting
 + Level 2.8 Short Blades
 + Level 0.8 Armour
 + Level 1.1 Dodging
 + Level 0.2 Stealth
 + Level 2.5 Spellcasting
 + Level 4.1 Charms


You had one spell level left.
You knew the following spells:

 Your Spells              Type           Power        Failure   Level  Hunger
a - Infusion              Chrm           ##....       10%         1    #......
b - Shroud of Golubria    Chrm/Tloc      #.........   24%         2    ###....
c - Song of Slaying       Chrm           ##......     12%         2    ###....


Dungeon Overview and Level Annotations

Branches:
Dungeon (2/15)

Altars:
Ashenzari
Pakellas


Message History

The adder poisons you!
It was a potion of flight.
You feel very buoyant.
You fly up into the air.
* * * LOW HITPOINT WARNING * * *
You feel sick. The adder bites you.
* * * LOW HITPOINT WARNING * * *
It was a potion of haste.
You feel yourself speed up. The adder bites you but does no damage.
You are very lightly contaminated with residual magic.
As you read the scroll of fear, it crumbles to dust.
You assume a fearsome visage.
The adder looks frightened!
* * * LOW HITPOINT WARNING * * *
You feel sick.
* * * LOW HITPOINT WARNING * * *
You feel sick.
* * * LOW HITPOINT WARNING * * *
You feel sick.
Your shroud begins to fray at the edges.
You die...

##...#...#######
##..............#######
#.....#########..#....#
#.....#.......#..#....#
#.....#.......#......>#
##....#.......#..###.##
##......._...#..# #.#
####..#.......#.## #.#
##...).#..S....#@# #.#
.......#.......#.# ##.#
..###..####.####.# #..#
..%..............# #.##
###.#....###.##### #.#
#.###.####.#######.#
..#..............#.#
#.#..#.#####.....##.#
.. . .####..######.####


There were no monsters in sight!

Vanquished Creatures
  A ball python (D:1)
  2 hobgoblins (D:2)
  2 bats
  2 giant cockroaches (D:1)
  2 giant newts
  A goblin (D:1)
  4 kobolds
  4 rats (D:2)
18 creatures vanquished.

Notes
Turn   | Place    | Note
--------------------------------------------------------------
     0 | D:1      | WhatsThis the High Elf Skald began the quest for the Orb.
     0 | D:1      | Reached XP level 1. HP: 14/14 MP: 4/4
   108 | D:1      | Found a shattered altar of Ashenzari.
   834 | D:2      | Reached XP level 2. HP: 17/19 MP: 6/6
   842 | D:2      | Learned a level 2 spell: Shroud of Golubria
   845 | D:2      | Learned a level 2 spell: Song of Slaying
   961 | D:2      | Reached skill level 4 in Charms
  1081 | D:2      | Found an oddly glowing altar of Pakellas.
  1288 | D:2      | Succumbed to an adder's poison

Vault maps used:
D:1:      lemuel_arrival_rhombus, grunt_decor_cap, evilmike_ruin_ashenzari
D:2:      lemuel_tele_altar

Action                   || total
-------------------------++-------
Melee: Short sword       ||    57
 Cast: Infusion          ||     2
       Shroud of Golubri ||     1
  Use: Scroll            ||     3
       Potion            ||     2
  Eat: Bread ration      ||     1
